 Seeded DCSS version 0.25.1-9-gc5326a611f (webtiles) character file.

Game seed: 20210710 (custom seed)

1211 ubername the Chiller (level 8, -3/57 HPs)
             Began as a Barachi Ice Elementalist on July 10, 2021.
             Was a Follower of Vehumet.
             Slain by a wight
             ... wielding a +0 war axe
              (8 damage)
             ... on level 7 of the Dungeon on July 11, 2021.
             The game lasted 00:20:03 (7637 turns).

ubername the Chiller (Barachi Ice Elementalist)     Turns: 7637, Time: 00:20:04

Health: -3/57      AC: 11    Str:  9    XL:     8   Next: 46%
Magic:  16/17      EV: 12    Int: 18    God:    Vehumet [*.....]
Gold:   299        SH:  0    Dex: 13    Spells: 11/19 levels left

rFire    . . .     SeeInvis .   a - +1 dagger (venom)
rCold    + . .     Gourm    .   (no shield)
rNeg     . . .     Faith    .   k - +0 robe
rPois    .         Spirit   .   (helmet restricted)
rElec    .         Reflect  .   (no cloak)
rCorr    .         Harm     .   (no gloves)
MR       .....     Rnd*Rage +   o - +2 pair of boots
Stlth    +.........             p - amulet of magic regeneration
HPRegen  0.19/turn              (no ring)
MPRegen  0.40/turn              (no ring)

@: mighty, icy armour, heavily drained, slow
A: +LOS, swims, antennae 1, talons 1, berserk 1, blurry vision 1, cold
resistance 1, slowness 1, wild magic 1, strong legs 1
a: Hop, Renounce Religion


You were on level 7 of the Dungeon.
You worshipped Vehumet.
Vehumet was aware of your devotion.
You were not hungry.

You visited 2 branches of the dungeon, and saw 8 of its levels.

You collected 299 gold pieces.

Inventory:

Hand Weapons
 a - a +1 dagger of venom (weapon)
 b - a +0 hunting sling
Missiles
 d - 6 poisoned darts (quivered)
 t - 167 stones
 u - 7 boomerangs
 v - 61 sling bullets
Armour
 k - a +0 robe (worn)
 o - a +2 pair of boots (worn)
Magical Staves
 C - an uncursed staff of air
Jewellery
 e - a +6 ring of strength
 p - an amulet of magic regeneration (around neck)
 x - an uncursed amulet of reflection
Wands
 B - a wand of random effects (34)
Scrolls
 f - a scroll of teleportation
 g - a scroll of fear
 h - a scroll of remove curse
 j - a scroll of amnesia
 l - a scroll of enchant weapon
 q - a scroll of immolation {unknown}
 w - 2 scrolls of blinking
 y - 5 scrolls of identify
 A - a scroll of magic mapping {unknown}
Potions
 i - 3 potions of stabbing
 m - a potion of curing {unknown}
 n - 3 potions of flight {unknown}
 r - a potion of degeneration {unknown}
 z - a potion of invisibility
Comestibles
 c - 9 rations


   Skills:
 + Level 2.3(0.0) Fighting
 + Level 2.2(0.0) Short Blades
   Level 0.2(0.0) Maces & Flails
 + Level 0.2(0.0) Slings
 + Level 1.9(0.0) Throwing
 + Level 3.8(1.4) Dodging
 + Level 2.3(0.0) Stealth
 + Level 6.4(3.8) Spellcasting
 + Level 2.0(0.0) Charms
 + Level 7.9(5.2) Ice Magic


You had 11 spell levels left.
You knew the following spells:

 Your Spells              Type           Power        Failure   Level  Hunger
a - Freeze                Ice            ####         3%          1    None
b - Frozen Ramparts       Ice            ####..       9%          3    ###....
c - Ozocubu's Armour      Chrm/Ice       ###.....     22%         3    ###....
d - Shock                 Conj/Air       #...         22%         1    None

Your spell library contained the following spells:

 Spells                   Type           Power        Failure   Level  Hunger
 Animate Skeleton         Necr           N/A          22%         1    None
 Apportation              Tloc           #.....       22%         1    None
 Corona                   Hex            #......      22%         1    None
 Summon Small Mammal      Summ           #...         22%         1    None
 Hailstorm                Conj/Ice       ###.....     54%         4    ####...
 Summon Ice Beast         Ice/Summ       ###.....     54%         4    ####...


Dungeon Overview and Level Annotations

Branches:
Dungeon (7/15)             Temple (1/1) D:4

Altars:
Ashenzari
Cheibriados
Dithmenos
Gozag
Hepliaklqana
Kikubaaqudgha
Makhleb
Nemelex Xobeh
Okawaru
Qazlal
Sif Muna
Uskayaw
Vehumet
Wu Jian
Yredelemnul
The Shining One

Shops:
D:6 ??


Innate Abilities, Weirdness & Mutations

You can be seen from farther away. (+LOS)
You can swim through water.
You cover ground slowly.
You can hop short distances.
You have a pair of small antennae on your head.
You have sharp toenails.
You tend to lose your temper in combat.
Scrolls take you a little longer to read.
Your flesh is cold resistant. (rC+)
Your spells are a little harder to cast, but a little more powerful.


Message History

The wight hits you with a +0 war axe!
Casting: Frozen Ramparts (dangerous; 7% risk of failure)
Confirm with . or Enter, or press ? or * to list all spells.
A film of ice covers your body! The wight closely misses you.
You barely miss the wight.
The wight is severely damaged.
The wight barely misses you.
You hit the wight but do no damage.
The wight is severely damaged.
The wight hits you with a +0 war axe!
You feel drained.
* * * LOW HITPOINT WARNING * * *
You hit the wight but do no damage.
The wight is severely damaged.
The wight hits you with a +0 war axe!
* * * LOW HITPOINT WARNING * * *
You hit the wight.
The wight is almost destroyed.
You feel very mighty all of a sudden. The wight hits you with a +0 war axe!
You die...

#..## #... ##.## ##..
##..# ##. #..## ##
##..# # ##...###
#..#...###
##.)......##
##@.#.......###
#z(.#.........##
.....((..##..........#
.z.(.##.####........##
#..( ## #####..### ###
####


You could see a wight.

Vanquished Creatures
  A sky beast (D:6)
  A black bear (D:7)
  A gnoll sergeant (D:5)
  A bullfrog (D:5)
  A water moccasin skeleton (D:5)
  2 wights (D:7)
  A howler monkey (D:6)
  A crimson imp (D:4)
  A quasit (D:5)
  A bullfrog skeleton (D:6)
  2 orc priests (D:4)
  A gnoll shaman (D:5)
  5 hounds
  An orc wizard (D:4)
  Terence (D:3)
  A worker ant (D:5)
  A killer bee zombie (D:5)
  A worker ant zombie (D:7)
  11 gnolls
  6 adders
  A shadow imp (D:6)
  An ooze (D:5)
  An adder zombie (D:7)
  An adder skeleton (D:6)
  6 worms
  5 leopard geckos
  16 orcs
  9 giant cockroaches
  7 goblins
  2 hobgoblins (D:1)
  4 jackals (D:1)
  9 kobolds
  2 quokkas
  7 bats
  4 frilled lizards
  10 rats
126 creatures vanquished.

Notes
Turn   | Place    | Note
-------+----------+-------------------------------------------
     0 | D:1      | ubername the Barachi Ice Elementalist began the quest for
                  | the Orb.
     0 | D:1      | Reached XP level 1. HP: 13/13 MP: 3/3
    64 | D:1      | Reached skill level 5 in Ice Magic
   216 | D:1      | Reached XP level 2. HP: 19/19 MP: 1/5
   652 | D:1      | Reached XP level 3. HP: 24/24 MP: 4/6
  1116 | D:2      | Learned a level 3 spell: Frozen Ramparts
  1120 | D:2      | Learned a level 3 spell: Ozocubu's Armour
  1400 | D:2      | Found an opulent altar of Gozag.
  1908 | D:2      | Reached XP level 4. HP: 26/31 MP: 4/8
  2154 | D:3      | Reached skill level 1 in Throwing
  2451 | D:3      | Noticed Terence
  2462 | D:3      | Killed Terence
  2481 | D:3      | Reached skill level 6 in Ice Magic
  2543 | D:3      | Reached XP level 5. HP: 36/36 MP: 7/9
  2806 | D:4      | Gained mutation: You are clumsy. (Dex -2) [potion of
                  | mutation]
  2806 | D:4      | Gained mutation: You have sharp toenails. [potion of
                  | mutation]
  2806 | D:4      | Gained mutation: Your body sometimes deteriorates upon
                  | taking damage. [potion of mutation]
  2806 | D:4      | Gained mutation: Your spells are a little harder to cast,
                  | but a little more powerful. [potion of mutation]
  2982 | D:4      | Found a shadowy altar of Dithmenos.
  2999 | D:4      | Reached XP level 6. HP: 17/42 MP: 7/11
  3203 | D:4      | Found a staircase to the Ecumenical Temple.
  3226 | Temple   | Entered the Ecumenical Temple
  3292 | Temple   | Became a worshipper of Vehumet
  3571 | D:5      | Entered Level 5 of the Dungeon
  4210 | D:5      | Lost mutation: Your body sometimes deteriorates upon taking
                  | damage. [potion of mutation]
  4210 | D:5      | Lost mutation: You are clumsy. (Dex -2) [potion of
                  | mutation]
  4210 | D:5      | Gained mutation: You have a pair of small antennae on your
                  | head. [potion of mutation]
  4210 | D:5      | Gained mutation: Scrolls take you a little longer to read.
                  | [potion of mutation]
  4210 | D:5      | Gained mutation: You tend to lose your temper in combat.
                  | [potion of mutation]
  4210 | D:5      | Gained mutation: Your flesh is cold resistant. (rC+)
                  | [potion of mutation]
  4227 | D:5      | Reached skill level 1 in Fighting
  4227 | D:5      | Reached skill level 1 in Charms
  4227 | D:5      | Reached XP level 7. HP: 42/48 MP: 11/14
  4264 | D:5      | Reached skill level 1 in Short Blades
  4264 | D:5      | Reached skill level 7 in Ice Magic
  4476 | D:5      | Reached skill level 5 in Spellcasting
  4799 | D:5      | Reached * piety under Vehumet
  4799 | D:5      | Offered knowledge of Shock by Vehumet.
  5108 | D:6      | Found Ujuysho's Magic Scroll Emporium.
  5247 | D:6      | Reached XP level 8. HP: 12/56 MP: 14/16
  5518 | D:6      | Found Veobb's Magic Scroll Emporium.
  6059 | D:6      | Learned a level 1 spell: Shock
  7637 | D:7      | Slain by a wight

Illustrated notes

Levels and vault maps discovered:
D:1:      grunt_arrival_lava_bath, layout_rooms
D:2:      layout_basic, grunt_gozag_statues
D:3:      layout_rooms, kennysheep_generic_room_14, uniq_terence
D:4:      layout_rooms, minmay_temple_entry_statues_fountains,
          grunt_dithmenos_smoke_and_mirrors
D:5:      layout_basic, first_ration
D:6:      layout_cave_pods, serial_shops, shop, nicolae_shop_statue_plus
D:7:      layout_cave_pods, grunt_ogre_cave
Temple:   regret_index_temple_sigil_plot

Skill      XL: |  1  2  3  4  5  6  7  8 |
---------------+-------------------------+-----
Ice Magic      | 5 6 7 |  7.9
Throwing       | 1 |  1.9
Spellcasting   | 3 4 5 6 |  6.4
Fighting       | 1 2 |  2.3
Charms         | 1 2 |  2.0
Short Blades   | 1 2 |  2.2
Stealth        | 2 |  2.3
Dodging        | 3 |  3.8
Maces & Flails | |  0.2
Slings         | |  0.2

Action                   |  1- 3 |  4- 6 |  7- 9 || total
-------------------------+-------+-------+-------++-------
Melee: Whip              |    38 |       |       ||    38
       Dagger            |    12 |    39 |   138 ||   189
       Kick              |       |     3 |    10 ||    13
 Fire: Hunting sling     |       |       |     5 ||     5
Throw: Dart              |    55 |    27 |       ||    82
       Stone             |       |     6 |       ||     6
 Cast: Freeze            |    35 |    11 |       ||    46
       Frozen Ramparts   |     2 |    24 |    23 ||    49
       Ozocubu's Armour  |       |    10 |    16 ||    26
 Abil: Hop               |       |       |     2 ||     2
  Use: Scroll            |       |    13 |     1 ||    14
       Potion            |       |     9 |     2 ||    11
  Eat: Chunk             |     4 |     8 |     4 ||    16
       Ration            |       |     1 |     3 ||     4
Armor: Robe              |    18 |    13 |    45 ||    76
Dodge: Dodged            |    58 |    30 |    96 ||   184
